Map: Heavy Artillery LE

Players

Delikios

  • Race: Zerg Zerg
  • League: Gold
  • Spawn Location: 7:00

Boukas

  • Race: Terran Terran
  • Spawn Location: 7:00

Massa

  • Race: Terran Terran
  • League: Platinum
  • Spawn Location: 1:00

qqq

  • Race: Zerg Zerg
  • Spawn Location: 3:00

VOD

Have the link to the VOD?

Description

Time

  • Played on: Oct. 26, 2020, 4:03 p.m.
  • Length: 13:44
Show
View Real Time Build Order
Export as new Build Order

Delikios Zerg 

Build Orders: Hatch First 

Get SALT Encoding   

  12  0:01  Drone  
  13  0:13  Overlord  
  13  0:20  Drone  
  14  0:32  Drone x2  
  16  0:35  Drone  
  17  0:57  Drone  
  17  0:59  Hatchery  
  17  1:13  Spawning Pool  
  17  1:14  Drone  
  17  1:19  Extractor, Drone  
  17  1:22  Drone  
  18  1:29  Drone  
  19  1:40  Drone  
  20  1:52  Drone  
  21  2:09  Drone  
  21  2:10  Queen  
  21  2:11  Queen  
  21  2:12  Overlord  
  26  2:22  Drone x2  
  28  2:49  Drone x5  
  33  3:01  Drone  
  34  3:06  Zergling x2  
  34  3:07  Zergling x2  
  34  3:12  Spine Crawler  
  35  3:31  Lair  
  35  3:33  Drone  
  36  3:34  Overlord x3  
  36  3:37  Hatchery  
  36  3:39  Metabolic Boost  
  35  3:52  Queen  
  37  4:00  Drone  
  37  4:01  Drone x2  
  40  4:03  Drone x3  
  40  4:09  Drone  
  44  4:11  Roach Warren  
  44  4:15  Drone  
  44  4:20  Drone  
  45  4:27  Evolution Chamber  
  45  4:29  Drone, Evolution Chamber  
  44  4:31  Drone  
  44  4:32  Drone x3  
  44  4:35  Extractor  
  44  4:37  Extractor  
  46  4:46  Spine Crawler  
  45  4:57  Spine Crawler  
  44  5:03  Drone  
  44  5:04  Drone x6, Spine Crawler  
  44  5:05  Drone x3  
  53  5:14  Drone  
  54  5:23  Drone x3  
  54  5:25  Extractor  
  54  5:26  Drone x2  
  54  5:27  Queen  
  60  5:33  Zerg Missile Weapons Level 1  
  60  5:34  Zerg Ground Armor Level 1  
  60  5:42  Hydralisk Den  
  59  5:52  Spore Crawler  
  59  5:53  Drone x3  
  59  5:54  Drone x2  
  63  6:03  Queen  
  65  6:07  Drone  
  65  6:08  Overlord x2  
  65  6:09  Overlord x2  
  66  6:28  Spore Crawler  
  66  6:30  Grooved Spines  
  65  6:33  Drone x2  
  65  6:34  Hydralisk x5  
  65  6:35  Hydralisk x4  
  85  6:45  Spore Crawler  
  84  7:04  Hydralisk x3  
  84  7:06  Overlord  
  84  7:07  Overlord x6  
  90  7:19  Extractor  
  90  7:21  Extractor  
  90  7:22  Drone  
  89  7:23  Drone  
  90  7:31  Hydralisk  
  90  7:32  Hydralisk x7  
  103  7:41  Muscular Augments  
  103  7:43  Hydralisk x2  
  106  7:47  Drone x2  
  107  8:03  Hydralisk x6  
  119  8:12  Zerg Missile Weapons Level 2  
  119  8:19  Drone x4  
  124  8:20  Drone  
  124  8:30  Overseer x2  
  124  8:34  Hydralisk x4  
  131  8:51  Hydralisk x5  
  139  9:08  Hydralisk x5  
  135  9:16  Hydralisk x2  
  135  9:22  Overlord  
  135  9:23  Overlord x3  
  121  10:16  Hydralisk  
  121  10:17  Hydralisk x6  
  121  10:18  Hydralisk x2  
  139  10:44  Hydralisk x3  
  139  10:45  Hydralisk x3  
  135  11:19  Hydralisk x5  
  135  11:20  Hydralisk x4  
  153  11:49  Hydralisk x4  
  161  12:57  Overlord x2  
  161  12:58  Overlord x4  
  153  13:10  Zergling x4  
  153  13:11  Zergling x8  
Show
View Real Time Build Order
Export as new Build Order

Boukas Terran 

Build Orders:  

Get SALT Encoding   

  12  0:00  SCV  
  13  0:13  SCV  
  14  0:17  Supply Depot  
  14  0:25  SCV  
  15  0:30  Refinery  
  15  0:39  SCV  
  16  0:46  Barracks  
  16  0:51  SCV  
  17  1:03  SCV  
  18  1:15  SCV  
  19  1:27  SCV  
  20  1:35  Barracks Reactor  
  20  1:39  Command Center  
  20  1:45  Orbital Command  
  20  1:58  Factory  
  20  2:06  Supply Depot  
  20  2:11  SCV  
  20  2:15  Marine x2  
  23  2:23  Refinery  
  23  2:28  SCV  
  24  2:33  Marine x2  
  26  2:40  SCV  
  27  2:45  Factory Tech Lab  
  27  2:46  Starport  
  27  2:52  SCV  
  27  2:54  Marine x2  
  27  2:57  Orbital Command  
  30  3:07  SCV  
  31  3:19  SCV, Cyclone  
  35  3:24  Engineering Bay  
  35  3:25  Starport Reactor  
  35  3:26  SCV  
  36  3:33  SCV  
  37  3:40  SCV  
  38  3:41  Supply Depot  
  38  3:45  SCV  
  38  3:47  Refinery  
  39  3:49  Refinery  
  39  3:51  Terran Infantry Weapons Level 1  
  39  3:53  SCV  
  40  3:57  Missile Turret  
  40  4:01  Missile Turret  
  40  4:02  SCV  
  41  4:07  Viking  
  43  4:10  Viking  
  43  4:12  SCV  
  43  4:14  SCV  
  47  4:24  SCV  
  47  4:27  SCV  
  49  4:36  SCV  
  50  4:39  Barracks  
  50  4:42  Barracks  
  50  4:45  SCV  
  50  4:48  SCV, Barracks  
  52  4:56  Supply Depot  
  52  5:00  Supply Depot  
  52  5:02  SCV x2, Supply Depot x2  
  52  5:06  Supply Depot  
  54  5:18  SCV, Marine x2  
  57  5:21  SCV  
  58  5:30  SCV  
  58  5:34  SCV  
  60  5:44  Viking x2  
  60  5:45  Terran Infantry Armor Level 1  
  60  5:47  Marine x2  
  69  5:52  Barracks Tech Lab  
  69  5:54  Barracks Tech Lab  
  66  5:57  Barracks Reactor  
  66  6:04  Marine  
  66  6:05  Marine  
  68  6:14  Viking x2  
  72  6:23  SCV x2  
  74  6:29  Marine x4  
  74  6:31  Combat Shield  
  78  6:36  Concussive Shells  
  78  6:42  SCV  
  78  6:43  SCV  
  78  6:44  Viking x2  
  78  6:47  Marine x2  
  84  6:50  Supply Depot  
  84  6:51  Supply Depot  
  84  6:52  Supply Depot  
  84  6:54  Supply Depot  
  86  6:56  Supply Depot x2  
  86  7:12  SCV x2, Marine x6  
  86  7:14  Viking x2  
  98  7:28  Missile Turret  
  98  7:29  Marine x6, Siege Tank  
  101  7:30  Missile Turret  
  101  7:32  Missile Turret  
  107  7:47  Marine x6  
  107  7:50  Stimpack  
  113  7:57  Viking x2  
  113  8:05  Marine x6  
  117  8:23  Marine x6  
  123  8:27  Viking  
  123  8:30  Medivac  
  127  8:41  Marine x5  
  76  8:57  Medivac  
  76  9:00  Medivac  
  79  9:07  Marine  
  79  9:08  Marine x4  
  80  9:11  Marine  
  80  9:16  Siege Tank  
  84  9:25  Marine  
  84  9:26  Marine x4  
  84  9:27  Medivac  
  84  9:29  Marine  
  84  9:30  Viking  
  91  9:43  Marine x3  
  91  9:44  Marine x2  
  96  9:47  Marine  
  96  9:48  Siege Tank  
  92  9:57  Viking  
  91  10:00  Viking  
  91  10:01  Marine x4  
  91  10:02  Marine  
  91  10:05  Marine  
  88  10:19  Marine x5  
  88  10:20  Siege Tank  
  95  10:23  Marine  
  95  10:27  Viking  
  93  10:30  Viking  
  87  10:37  Marine x5  
  87  10:40  Marine  
  83  10:54  Marine  
  83  10:55  Marine x4  
  82  10:57  Medivac  
  82  10:58  Marine  
  82  11:00  Medivac  
  80  11:12  Marine x2  
  80  11:13  Marine x3  
  80  11:16  Marine  
  86  11:27  Viking  
  86  11:30  Marine x3, Viking  
  86  11:31  Marine x2  
  94  11:34  Marine  
  93  11:48  Marine x4  
  93  11:49  Marine  
  93  11:52  Marine  
  99  12:06  Marine x5  
  103  12:09  Marine  
  101  12:23  Marine  
  101  12:24  Marine x4  
  101  12:27  Marine  
  107  12:41  Marine x2  
  107  12:42  Marine x3  
  110  12:45  Marine  
  107  12:59  Marine x3  
  107  13:00  Marine x2  
  107  13:03  Marine  
  101  13:17  Marine x4  
  101  13:18  Marine  
  95  13:21  Marine  
Show
View Real Time Build Order
Export as new Build Order

Massa Terran 

Build Orders:  

Get SALT Encoding   

  12  0:01  SCV  
  13  0:13  SCV  
  14  0:24  Supply Depot  
  14  0:25  SCV  
  15  0:29  Refinery  
  15  0:46  SCV  
  15  0:47  Barracks  
  16  0:58  SCV  
  17  1:10  SCV  
  18  1:22  SCV  
  19  1:26  Refinery  
  19  1:34  Reaper, SCV  
  21  1:48  SCV, Command Center  
  22  2:03  Supply Depot  
  22  2:06  Marine  
  23  2:14  Orbital Command  
  23  2:25  Factory  
  23  2:31  Barracks Reactor  
  23  2:40  SCV  
  24  2:52  SCV  
  24  2:57  Supply Depot  
  25  3:02  Orbital Command  
  25  3:04  SCV  
  26  3:09  Starport  
  26  3:20  Marine  
  26  3:21  Factory Tech Lab, Marine  
  28  3:28  SCV  
  28  3:29  SCV  
  28  3:34  Engineering Bay  
  30  3:38  Marine x2  
  30  3:41  SCV x2  
  34  3:43  Siege Tank  
  34  3:46  Starport Reactor  
  37  3:53  SCV x2  
  39  3:56  Marine x2  
  41  4:06  SCV x2  
  43  4:14  Marine  
  43  4:15  Missile Turret  
  44  4:17  Missile Turret  
  44  4:18  SCV x2  
  46  4:24  Marine  
  46  4:27  Medivac x2  
  46  4:30  SCV  
  52  4:32  Marine  
  52  4:37  Supply Depot  
  53  4:42  Marine, Supply Depot  
  54  4:58  Missile Turret  
  54  4:59  SCV x2, Marine, Terran Infantry Weapons Level 1, Medivac x2  
  61  5:04  Widow Mine  
  63  5:11  SCV x2, Supply Depot  
  65  5:14  Supply Depot  
  65  5:19  Barracks  
  65  5:21  Barracks  
  65  5:23  Refinery, SCV x2  
  65  5:25  Armory  
  67  5:30  Medivac  
  69  5:35  SCV x2  
  71  5:47  SCV x2  
  73  5:50  Siege Tank  
  73  5:51  Marine x2  
  78  6:00  SCV  
  78  6:03  Refinery  
  79  6:08  Marine x2  
  81  6:22  Siege Tank  
  81  6:24  Barracks Reactor, Barracks Tech Lab  
  84  6:26  Marine x2  
  86  6:53  Supply Depot  
  86  6:58  Command Center  
  86  7:05  Stimpack  
  86  7:15  Marauder, Marine x2, Viking x2  
  94  7:16  Supply Depot  
  94  7:17  Terran Infantry Armor Level 1, Supply Depot  
  94  7:18  Supply Depot  
  94  7:20  Supply Depot  
  94  7:37  Marine x3  
  94  7:38  SCV x2, Marauder  
  94  7:39  Siege Tank  
  94  7:40  Supply Depot  
  94  7:42  Supply Depot  
  104  7:45  Supply Depot  
  104  7:46  Marine  
  104  7:50  SCV x2  
  107  7:55  Marine x3, Supply Depot  
  107  7:57  Supply Depot x3  
  110  7:59  Marauder  
  110  8:02  SCV x2  
  110  8:03  Marine, Supply Depot  
  114  8:11  Siege Tank  
  117  8:13  Marine x2  
  117  8:14  SCV x2  
  121  8:21  Marauder  
  121  8:26  SCV, Supply Depot  
  114  8:42  Marauder  
  114  8:45  Combat Shield  
  108  8:53  Marine x3  
  108  8:54  Siege Tank  
  114  8:56  Planetary Fortress  
  114  8:58  SCV x2  
  108  9:03  Marauder  
  78  9:10  SCV x2  
  71  9:17  Marine  
  71  9:18  Marine x3  
  71  9:23  Bunker  
  75  9:25  Marauder  
  75  9:26  Siege Tank  
  74  9:36  Marine x2  
  71  9:46  Marauder  
  73  9:53  Marine  
  73  9:54  Barracks, Marine  
  73  9:55  Barracks  
  73  9:57  Barracks x3  
  73  9:59  Barracks  
  66  10:00  Barracks  
  57  10:17  Command Center  
  55  10:21  Barracks  
  55  10:22  Barracks  
  53  10:30  Barracks  
  45  10:43  Barracks  
  45  10:44  Barracks x2  
  45  10:46  Barracks  
  45  10:47  SCV, Barracks  
  41  10:58  Orbital Command  
  41  10:59  SCV  
  42  11:06  Supply Depot  
  42  11:08  Supply Depot  
  42  11:11  SCV  
  43  11:22  Marine  
  43  11:23  SCV, Marine x2  
  47  11:29  Marine  
  47  11:30  Supply Depot  
  47  11:31  Marine x2, Supply Depot  
  48  11:36  SCV  
  42  11:40  Marine  
  42  11:41  Marine x2  
  42  11:43  Marine  
  42  11:44  Marine  
  42  11:47  Marine  
  42  11:49  Marine x2  
  42  11:50  Orbital Command  
  42  11:54  Supply Depot  
  45  11:56  Supply Depot  
  45  11:59  Marine  
  45  12:00  Factory  
  48  12:01  Marine  
  48  12:02  Marine  
  48  12:05  Marine  
  48  12:06  Refinery  
  48  12:07  Refinery, Marine x2  
  51  12:19  Marine x2, Supply Depot  
  51  12:21  Supply Depot  
  52  12:23  Marine  
  52  12:24  Marine  
  52  12:25  Marine  
  55  12:37  Marine x2  
  55  12:39  Orbital Command  
  55  12:41  Marine  
  55  12:42  Marine  
  55  12:43  Marine, Supply Depot  
  60  12:45  Supply Depot  
  60  12:46  Bunker  
  60  12:48  Bunker  
  60  12:49  Bunker  
  60  12:51  Factory Tech Lab  
  60  12:55  Marine x2  
  62  12:58  Marine  
  62  13:00  Marine x2  
  58  13:10  Siege Tank  
  58  13:12  Marine  
  56  13:13  Marine  
  56  13:18  Marine x2  
Show
View Real Time Build Order
Export as new Build Order

qqq Zerg 

Build Orders: Hatch First 

Get SALT Encoding   

  12  0:03  Drone  
  13  0:09  Drone  
  14  0:35  Hatchery  
  13  0:39  Drone  
  14  0:54  Spawning Pool  
  13  1:03  Overlord  
  13  1:07  Drone  
  14  1:11  Extractor  
  14  1:14  Drone  
  14  1:32  Drone x2  
  16  1:39  Drone  
  17  1:44  Queen  
  19  1:57  Drone  
  19  1:59  Drone  
  19  2:00  Drone  
  22  2:07  Drone  
  23  2:12  Spine Crawler  
  22  2:21  Lair  
  22  2:26  Drone x2  
  22  2:27  Extractor  
  23  2:36  Queen  
  25  2:39  Drone  
  25  2:42  Extractor  
  26  2:44  Drone  
  26  2:46  Overlord  
  27  2:53  Drone  
  27  2:54  Extractor  
  27  2:56  Drone  
  28  2:59  Overlord  
  28  3:04  Drone  
  29  3:14  Drone x3  
  29  3:18  Drone  
  33  3:29  Drone, Spire  
  33  3:33  Drone x2  
  35  3:37  Drone  
  36  3:46  Overlord  
  36  3:48  Drone  
  37  3:51  Drone, Spine Crawler  
  37  3:53  Drone  
  37  3:55  Drone  
  39  4:00  Drone  
  39  4:01  Drone  
  41  4:10  Overlord  
  41  4:12  Drone  
  41  4:13  Drone  
  43  4:19  Extractor  
  43  4:22  Drone  
  43  4:23  Overlord x2  
  43  4:40  Mutalisk x4  
  43  4:45  Drone x3  
  54  4:51  Zerg Flyer Weapons Level 1  
  54  4:53  Mutalisk  
  54  4:54  Drone  
  57  5:03  Drone  
  58  5:10  Hatchery  
  58  5:13  Mutalisk  
  57  5:15  Mutalisk x2  
  57  5:18  Drone  
  64  5:25  Mutalisk  
  64  5:26  Overlord x2  
  64  5:43  Mutalisk, Corruptor  
  68  5:52  Mutalisk  
  70  6:25  Mutalisk, Corruptor x3  
  72  6:27  Drone  
  79  6:36  Infestation Pit  
  78  6:49  Drone x2  
  78  6:51  Mutalisk x2  
  84  7:06  Mutalisk  
  84  7:08  Zergling x4  
  84  7:09  Drone x2, Zergling x6  
  91  7:18  Drone  
  91  7:19  Mutalisk  
  91  7:22  Queen  
  96  7:25  Zerg Flyer Armor Level 1  
  92  7:46  Hatchery  
  92  7:48  Mutalisk x2  
  95  7:57  Hatchery  
  81  8:06  Hatchery  
  80  8:28  Drone  
  80  8:29  Drone x2, Mutalisk x3  
  89  8:34  Overlord  
  89  8:35  Evolution Chamber, Overlord x2  
  89  8:36  Evolution Chamber  
  87  8:51  Hive  
  87  8:57  Drone x2  
  87  9:00  Mutalisk x4  
  95  9:17  Drone x5  
  100  9:26  Zerg Melee Weapons Level 1  
  100  9:27  Zerg Ground Armor Level 1  
  93  9:51  Drone x6  
  93  9:52  Drone x4  
  96  10:11  Zergling x6  
  96  10:12  Zergling x10  
  96  10:13  Overlord x3  
  96  10:14  Overlord  
  102  10:23  Extractor  
  102  10:26  Extractor x2, Overlord x2  
  102  10:27  Overlord  
  89  10:47  Mutalisk x3  
  69  10:53  Ultralisk Cavern  
  60  10:57  Drone x4  
  60  10:58  Drone x2  
  64  11:06  Zergling x12  
  64  11:07  Zergling x8  
  64  11:08  Zergling x6  
  51  11:33  Hatchery  
  42  11:43  Ultralisk  
  42  11:45  Overlord x3  
  42  11:46  Drone x6  
  42  11:47  Drone x2  
  62  11:52  Spawning Pool  
  54  12:02  Ultralisk  
  34  12:18  Ultralisk  
  40  12:27  Extractor  
  40  12:28  Extractor  
  38  12:32  Drone x4  
  38  12:33  Drone x2  
  43  12:56  Ultralisk  
  43  12:57  Zergling x10  
  43  12:58  Zergling x2  
  53  12:59  Drone  
  42  13:05  Queen  
  42  13:06  Queen x2  
  48  13:17  Drone x2  
  48  13:18  Drone  
Tags
 
Add a new tag
Caveats
  • Supply blocks, unpowered buildings, or Contaminate may cause inaccurate times.
  • Supply counts are checked every 10 seconds.